Description

  • At 5min into game you need to DECIDE: 2baseallin7min or macro-
  • 7min attack with 3 tanks, raven, hellions, 1-2libs, vikings 4scv. and nonstop tanks+vikings+hellions
  • OR 5min 3rd CC and macro whatever you want/ add 3barraks or add armory.

VOD

https://youtu.be/Pj-nzVxixo8?t=2573

Build Order

Get SALT Encoding   

  14  0:17  Supply Depot  
  15  0:28  Refinery  
  16  0:44  Barracks  
  17  0:54  Refinery  3+3 on gas!
  19  1:32  Factory  
  19  1:33  Orbital Command  
  19  1:35  Reaper  after 2+1 gas!
  20  1:43  Supply Depot  scv goes back on gas
  21  2:08  Reaper  2nd reaper and check proxy
  23  2:17  Cyclone  
  27  2:30  Command Center  scv from factory
  28  2:40  Barracks Reactor  3+3 on gas again
  28  2:47  Supply Depot  ///reapers go attack
  28  2:53  Cyclone  2nd cyclone
  32  3:10  Starport  @100gas
  33  3:20  Barracks Tech Lab  
  33  3:30  Hellion x2  //reactor factory
  38  3:40  Orbital Command  
  43  4:05  Raven  
  43  4:10  Hellion x2  
  46  4:30  Factory  @3tanks+hellions+1reven+1libs+vikings+4scv 7:00 attack
  50  5:00  Heavy Siege Tank, Hellion, Viking  swap factory/starport labs|reactor, @48scv stop, nonstop tanks+hellion+vikings production
  51  4:59  Command Center  ///OR macro 3rd CC and macro up
Spawning Tool Build Advisor. Get it on Overwolf

Analysis

Another example how to play this on top lvl ByuN vs GuMiho ByuN (T) vs. GuMiho (T) GSL 2018

My discord server (RUSSIAN)

My stream on Twitch

Go to:

Details

  • Created by: Spinokio
  • Published on: Jun 07, 2018
  • Modified on: Jun 23, 2018
  • Patch: 4.0.0
Show
View Real Time Build Order
Export as new Build Order

Comments (0)

There are no comments. Be the first!

Create an account to comment!